MLB
NEW YORK YANKEES @ HOUSTON ASTROS
04/04/2099
 
TOP OF THE 1ST
New York Yankees batting - Pitching for Houston Astros : LHP Dusty Plummer
Pitching: LHP Dusty Plummer
Batting: RHB Carlos Jeronimo 0-0: Called Strike
0-1: Fly out, F8 (Line Drive, 89M, EV 110.0 MPH)
Batting: SHB Seth Hardenbrook 0-0: Ball
1-0: Ball
2-0: Ball
3-0: Called Strike
3-1: Ground out 6-3 (Groundball, 6, EV 105.6 MPH)
Batting: RHB Brandon Thomas 0-0: Ball
1-0: Ball
2-0: Swinging Strike
2-1: SINGLE (Groundball, 25, EV 67.5 MPH) (infield hit)
Batting: LHB Jose Guevara 0-0: Ball
1-0: Called Strike
1-1: Ball
2-1: Ground out 4-3 (Groundball, 4, EV 108.1 MPH)
Top of the 1st over - 0 runs, 1 hit, 0 errors, 1 left on base; New York 0 - Houston 0
BOTTOM OF THE 1ST
Houston Astros batting - Pitching for New York Yankees : RHP Carlos Rosas
Pitching: RHP Carlos Rosas
Batting: RHB Miguel Santillano 0-0: Ball
1-0: Foul Ball, location: 2F
1-1: Fly out, F8 (Flyball, 8RS, EV 90.0 MPH)
Batting: LHB Zack Baize 0-0: Called Strike
0-1: Swinging Strike
0-2: Ball
1-2: Foul Ball, location: 2RF
1-2: Strikes out swinging
Batting: RHB Jeff Cinnamon 0-0: Called Strike
0-1: Foul Ball, location: 25F
0-2: Ball
1-2: Ball
2-2: Foul Ball, location: 9LSF
2-2: Fly out, F9 (Line Drive, 9, EV 87.5 MPH)
Bottom of the 1st over - 0 runs, 0 hits, 0 errors, 0 left on base; New York 0 - Houston 0
TOP OF THE 2ND
New York Yankees batting - Pitching for Houston Astros : LHP Dusty Plummer
Batting: RHB Zach Sterling 0-0: Hit by Pitch
Batting: LHB Ryan McCullough 0-0: Fly out, F8 (Flyball, 8LXD, EV 90.0 MPH)
Batting: RHB Aaron Comeaux 0-0: Ball
1-0: Swinging Strike
1-1: Ball
2-1: Ball
3-1: Base on Balls
Zach Sterling to second
Batting: RHB Jeff Gerdom 0-0: Called Strike
0-1: Foul Ball, location: 7LSF
0-2: Foul Ball, location: 23F
0-2: Grounds into double play, 5-4-3 (Groundball, 56, EV 80.6 MPH)
Top of the 2nd over - 0 runs, 0 hits, 0 errors, 1 left on base; New York 0 - Houston 0
BOTTOM OF THE 2ND
Houston Astros batting - Pitching for New York Yankees : RHP Carlos Rosas
Batting: LHB Alex Perez 0-0: Ball
1-0: Ball
2-0: Fly out, F7 (Flyball, 7LM, EV 75.6 MPH)
Batting: RHB Del Bannerman 0-0: Ball
1-0: Ball
2-0: Ball
3-0: Called Strike
3-1: SINGLE (Line Drive, 34D, EV 101.9 MPH)
Batting: LHB Eddy Miramontes 0-0: Called Strike
0-1: DOUBLE (Flyball, 78D, EV 110.0 MPH)
Del Bannerman to third
Runner from 3rd tries for Home, SAFE, no throw by CF
Batting: RHB Frank Kelsay 0-0: Called Strike
0-1: Ball
1-1: Ground out 6-3 (Groundball, 6, EV 80.6 MPH)
Batting: RHB Erik Ellsworth 0-0: Ball
1-0: Ball
2-0: Called Strike
2-1: Foul Ball, location: 7LMF
2-2: Foul Ball, location: 9LSF
2-2: Fly out, F4 (Popup, 34D, EV 45.6 MPH)
Bottom of the 2nd over - 1 run, 2 hits, 0 errors, 1 left on base; New York 0 - Houston 1
TOP OF THE 3RD
New York Yankees batting - Pitching for Houston Astros : LHP Dusty Plummer
Batting: SHB Chris Clark 0-0: Swinging Strike
0-1: Fly out, F7 (Flyball, 78M, EV 95.6 MPH)
Batting: RHB Carlos Jeronimo 0-0: Called Strike
0-1: Swinging Strike
0-2: Hit by Pitch
Batting: SHB Seth Hardenbrook 0-0: Ball
1-0: Fly out, F9 (Flyball, 89M, EV 99.4 MPH)
Batting: RHB Brandon Thomas 0-0: Called Strike
0-1: Ball
1-1: Swinging Strike
1-2: Ground out 5-3 (Groundball, 5S, EV 88.8 MPH)
Top of the 3rd over - 0 runs, 0 hits, 0 errors, 1 left on base; New York 0 - Houston 1
BOTTOM OF THE 3RD
Houston Astros batting - Pitching for New York Yankees : RHP Carlos Rosas
Batting: RHB Manchu Hu 0-0: Ball
1-0: Ball
2-0: Ball
3-0: Called Strike
3-1: Fly out, F7 (Flyball, 7LM, EV 98.8 MPH)
Batting: RHB Miguel Santillano 0-0: Ball
1-0: Called Strike
1-1: Swinging Strike
1-2: Fly out, F4 (Popup, 34S, EV 83.1 MPH)
Batting: LHB Zack Baize 0-0: SINGLE (Line Drive, 8LS, EV 88.8 MPH)
Batting: RHB Jeff Cinnamon 0-0: Fly out, F8 (Flyball, 8RD, EV 111.3 MPH)
Bottom of the 3rd over - 0 runs, 1 hit, 0 errors, 1 left on base; New York 0 - Houston 1
TOP OF THE 4TH
New York Yankees batting - Pitching for Houston Astros : LHP Dusty Plummer
Batting: LHB Jose Guevara 0-0: Ball
1-0: Foul Ball, location: 5SF
1-1: Foul Ball, location: 9LDF
1-2: Ball
2-2: Fly out, F7 (Flyball, 78M, EV 85.6 MPH)
Batting: RHB Zach Sterling 0-0: Ground out 5-3 (Groundball, 56, EV 104.4 MPH)
Batting: LHB Ryan McCullough 0-0: Called Strike
0-1: Swinging Strike
0-2: Ball
1-2: Fly out, F4 (Line Drive, 4, EV 64.4 MPH)
Top of the 4th over - 0 runs, 0 hits, 0 errors, 0 left on base; New York 0 - Houston 1
BOTTOM OF THE 4TH
Houston Astros batting - Pitching for New York Yankees : RHP Carlos Rosas
Batting: LHB Alex Perez 0-0: Ball
1-0: Ball
2-0: Called Strike
2-1: Called Strike
2-2: Ball
3-2: Base on Balls
Batting: RHB Del Bannerman 0-0: Called Strike
0-1: Ball
Wild Pitch!
Alex Perez to second
1-1: TRIPLE (Line Drive, 7LD, EV 99.4 MPH)
Alex Perez scores
Batting: LHB Eddy Miramontes 0-0: Ball
1-0: Ball
2-0: Ball
3-0: Called Strike
3-1: Fly out, F9 (Line Drive, 9LD, EV 91.9 MPH)
Runner from 3rd tags up, SCORES, no throw by RF
Batting: RHB Frank Kelsay 0-0: Ball
1-0: Ball
2-0: Ball
3-0: Called Strike
3-1: Called Strike
3-2: Fly out, F9 (Flyball, 9, EV 90.6 MPH)
Batting: RHB Erik Ellsworth 0-0: Called Strike
0-1: Ball
1-1: Ball
2-1: Ball
3-1: SINGLE (Line Drive, 78S, EV 87.5 MPH)
Batting: RHB Manchu Hu 0-0: Called Strike
0-1: Ball
1-1: Foul Ball, location: 25F
1-2: Ground out 5-3 (Groundball, 56S, EV 71.3 MPH)
Bottom of the 4th over - 2 runs, 2 hits, 0 errors, 1 left on base; New York 0 - Houston 3
TOP OF THE 5TH
New York Yankees batting - Pitching for Houston Astros : LHP Dusty Plummer
Now at C: Michael Harrison
Now at 1B: Matt Carocci
Now at SS: Chase Bavaro
Now in LF: Bret Payne
Batting: RHB Aaron Comeaux 0-0: Ball
1-0: Ball
2-0: Foul Ball, location: 9LMF
2-1: SOLO HOME RUN (Line Drive, 9LD, EV 93.1 MPH), Distance : 353 ft
Batting: RHB Jeff Gerdom 0-0: SINGLE (Groundball, 6MD, EV 105.0 MPH)
Batting: SHB Chris Clark 0-0: Bunt missed!
0-1: Sac Bunt to 25 - play at first, batter OUT! 5-4
Jeff Gerdom to second
Batting: RHB Carlos Jeronimo 0-0: Fly out, F7 (Flyball, 7S, EV 75.0 MPH)
Pinch Hitting: LHB Jesus Canales 0-0: Ball
1-0: Called Strike
1-1: Called Strike
1-2: Ball
2-2: Foul Ball, location: 2F
2-2: Strikes out swinging
Top of the 5th over - 1 run, 2 hits, 0 errors, 1 left on base; New York 1 - Houston 3
BOTTOM OF THE 5TH
Houston Astros batting - Pitching for New York Yankees : RHP Carlos Rosas
Pitching: RHP Josh Morgan
Now at C: Joe Liner
Now at 1B: Matt Foulds
Now at 3B: Jesus Canales
Now in CF: Bobby Brown
Now in RF: Zach Sterling
Batting: RHB Miguel Santillano 0-0: Ball
1-0: Called Strike
1-1: SINGLE (Groundball, 34, EV 89.4 MPH) (infield hit)
Batting: RHB Matt Carocci 0-0: Ball
1-0: Fly out, F9 (Flyball, 9D, EV 103.1 MPH)
Batting: RHB Jeff Cinnamon 0-0: Grounds into double play, 5-4-3 (Groundball, 5, EV 86.9 MPH)
Bottom of the 5th over - 0 runs, 1 hit, 0 errors, 0 left on base; New York 1 - Houston 3
TOP OF THE 6TH
New York Yankees batting - Pitching for Houston Astros : LHP Dusty Plummer
Batting: LHB Ricky Delgado 0-0: Fly out, F5 (Popup, 25F, EV 90.6 MPH)
Batting: LHB Bobby Brown 0-0: Ball
1-0: Called Strike
1-1: Ball
2-1: Ball
3-1: Foul Ball, location: 2F
3-2: Strikes out looking
Pinch Hitting: LHB David Adler 0-0: Called Strike
0-1: Called Strike
0-2: Ball
1-2: SINGLE (Groundball, 6MD, EV 99.4 MPH)
Batting: LHB Ryan McCullough 0-0: Called Strike
0-1: Ball
1-1: Foul Ball, location: 3F
1-2: Foul Ball, location: 2F
1-2: Ball
2-2: Fielders Choice at 2nd, 5-4 (Groundball, 56, EV 101.3 MPH)
Top of the 6th over - 0 runs, 1 hit, 0 errors, 1 left on base; New York 1 - Houston 3
BOTTOM OF THE 6TH
Houston Astros batting - Pitching for New York Yankees : RHP Josh Morgan
Now at 2B: Aaron Bruckerhoff
Now in LF: David Adler
Now in RF: Ryan McCullough
Batting: RHB Bret Payne 0-0: Ball
1-0: Called Strike
1-1: SINGLE (Line Drive, 7LM, EV 97.5 MPH)
Pinch Hitting: RHB Justin Haug 0-0: Ball
1-0: Foul Ball, location: 2F
1-1: Ball
2-1: Swinging Strike
2-2: Foul Ball, location: 2F
2-2: Fly out, F7 (Flyball, 7LS, EV 93.8 MPH)
Batting: LHB Steve Kuhlman 0-0: Ball
1-0: Foul Ball, location: 2F
1-1: Fly out, F9 (Flyball, 89S, EV 88.8 MPH)
Pinch Hitting: RHB Jeremy Allen 0-0: Foul Ball, location: 23FF
0-1: Called Strike
0-2: Ball
1-2: Strikes out looking
Bottom of the 6th over - 0 runs, 1 hit, 0 errors, 1 left on base; New York 1 - Houston 3
TOP OF THE 7TH
New York Yankees batting - Pitching for Houston Astros : LHP Dusty Plummer
Pitching: RHP Graham Burch
Now at 2B: Justin Haug
Now at 3B: Jeremy Allen
Now in LF: Bobby Johnson
Now in CF: Bret Payne
Pinch Hitting: RHB Cedric Tracy 0-0: Ball
1-0: Ground out 4-3 (Groundball, 4MS, EV 87.5 MPH)
Batting: LHB Joe Liner 0-0: Called Strike
0-1: Called Strike
0-2: Strikes out swinging
Batting: LHB Aaron Bruckerhoff 0-0: Ball
1-0: Ground out U3 (Groundball, 3, EV 102.5 MPH)
Top of the 7th over - 0 runs, 0 hits, 0 errors, 0 left on base; New York 1 - Houston 3
BOTTOM OF THE 7TH
Houston Astros batting - Pitching for New York Yankees : RHP Josh Morgan
Pitching: RHP Kevon Cooper
Now at 3B: Cedric Tracy
Now at SS: Jesus Canales
Batting: RHB Chase Bavaro 0-0: Called Strike
0-1: Ball
1-1: Swinging Strike
1-2: Ball
2-2: Foul Ball, location: 3SF
2-2: Ball
3-2: Foul Ball, location: 9LDF
3-2: Base on Balls
Batting: RHB Michael Harrison 0-0: Fly out, F7 (Flyball, 7, EV 100.0 MPH)
Batting: LHB Bobby Johnson 0-0: Ball
1-0: Fly out, F5 (Line Drive, 5, EV 65.0 MPH)
Batting: RHB Matt Carocci 0-0: Swinging Strike
0-1: Foul Ball, location: 9LMF
0-2: Strikes out looking
Bottom of the 7th over - 0 runs, 0 hits, 0 errors, 1 left on base; New York 1 - Houston 3
TOP OF THE 8TH
New York Yankees batting - Pitching for Houston Astros : RHP Graham Burch
Pitching: RHP John Morseth
Batting: RHB Matt Foulds 0-0: Ball
1-0: Fly out, F8 (Flyball, 8RD, EV 81.9 MPH)
Batting: LHB Jesus Canales 0-0: Foul Ball, location: 2F
0-1: Foul Ball, location: 25F
0-2: Ground out 5-3 (Groundball, 56, EV 76.3 MPH)
Batting: LHB Ricky Delgado 0-0: Called Strike
0-1: Ball
1-1: Ball
2-1: Swinging Strike
2-2: Ball
3-2: Foul Ball, location: 2F
3-2: Ground out 6-3 (Groundball, 6, EV 86.9 MPH)
Top of the 8th over - 0 runs, 0 hits, 0 errors, 0 left on base; New York 1 - Houston 3
BOTTOM OF THE 8TH
Houston Astros batting - Pitching for New York Yankees : RHP Kevon Cooper
Pinch Hitting: RHB Travis Braga 0-0: Foul Ball, location: 2F
0-1: Ball
1-1: Foul Ball, location: 2F
1-2: Ball
2-2: Foul Ball, location: 5F
2-2: Foul Ball, location: 5F
2-2: Ball
3-2: Ground out 6-3 (Groundball, 56, EV 104.4 MPH)
Batting: RHB Bret Payne 0-0: Called Strike
0-1: SINGLE (Line Drive, 89S, EV 102.5 MPH)
Batting: RHB Justin Haug 0-0: Swinging Strike
0-1: Ball
1-1: Ball
2-1: Ball
3-1: Fly out, F4 (Popup, 34, EV 56.9 MPH)
Pitching: LHP Bob Chartier
Batting: LHB Steve Kuhlman 0-0: Ball
1-0: Called Strike
1-1: Ball
2-1: Ball
3-1: Foul Ball, location: 2RF
3-2: Base on Balls
Bret Payne to second
Batting: RHB Jeremy Allen 0-0: Ball
1-0: Fly out, F9 (Flyball, 89D, EV 111.3 MPH)
Bottom of the 8th over - 0 runs, 1 hit, 0 errors, 2 left on base; New York 1 - Houston 3
TOP OF THE 9TH
New York Yankees batting - Pitching for Houston Astros : RHP John Morseth
Pitching: LHP Wiley Hill
Now in LF: Travis Braga
Now in RF: Bobby Johnson
Batting: LHB Bobby Brown 0-0: Ball
1-0: Foul Ball, location: 5F
1-1: Swinging Strike
1-2: Strikes out swinging
Pinch Hitting: RHB Pete Palmer 0-0: Ball
1-0: Foul Ball, location: 9LMF
1-1: Swinging Strike
1-2: Ball
2-2: Foul Ball, location: 5SF
2-2: Ball
3-2: Base on Balls
Batting: LHB Ryan McCullough 0-0: Ball
1-0: Called Strike
1-1: Fielders Choice at 2nd, 4-6 (Groundball, 4, EV 105.6 MPH)
Batting: RHB Cedric Tracy 0-0: Fly out, F8 (Flyball, 8RD, EV 111.9 MPH)
Top of the 9th over - 0 runs, 0 hits, 0 errors, 1 left on base; New York 1 - Houston 3
Thursday, May 2nd , 2024 - OOTP Baseball 24.11 Build 85